 Dungeon Crawl Stone Soup version 0.17-a0-543-g13d7571 (webtiles) character file.

7345 Pikaro the Destroyer (level 10, -8/70 (73) HPs)
             Began as a High Elf Fire Elementalist on Apr 13, 2015.
             Was an Initiate of Lugonu.
             Mangled by a wight
             ... wielding a +2 halberd of distortion
              (10 damage)
             ... on level 10 of the Dungeon.
             The game lasted 00:45:08 (16464 turns).

Pikaro the Destroyer (High Elf Fire Elementalist)  Turns: 16464, Time: 00:45:08

HP:   -8/70 (73)    AC:  6    Str:  7    XL:     10   Next: 91%
MP:   8/23          EV: 16    Int: 26    God:    Lugonu [......]
Gold: 425           SH:  0    Dex: 12    Spells: 4 memorised, 2 levels left

rFire  . . .     SeeInvis .     (no weapon)
rCold  . . .     Clarity  +     P - +0 robe of True Grit {+Blink MP+9 Int+5 Dex-4}
rNeg   + . .     SustAb   .     (no shield)
rPois  .         Gourm    .     (helmet restricted)
rElec  .         Spirit   .     l - +0 cloak
rCorr  .         Warding  .     (no gloves)
rMut   .         Rnd*Tele +     g - +1 pair of boots
MR     +....                    C - amulet of clarity {Clar}
Stlth  +++.......               a - ring of positive energy {rN+}
                                h - ring of stealth {Stlth+}

@: very slightly contaminated, somewhat resistant to hostile enchantments,
fairly stealthy
A: horns 1, talons 1, rugged brown scales 1, clumsy 1, teleportitis 1
a: Renounce Religion, Evoke Blink


You were on level 10 of the Dungeon.
You worshipped Lugonu.
Lugonu was noncommittal.
You were hungry.

You visited 2 branches of the dungeon, and saw 12 of its levels.
You visited the Abyss 1 time.

You collected 425 gold pieces.

Inventory:

Hand weapons
 L - the +6 dagger "Gankaq" {speed, rC- rN++}
   (You found it on level 8 of the Dungeon)

   Attacks with this weapon are significantly faster.
   It makes you vulnerable to cold.
   It greatly protects you from negative energy.
Missiles
 y - 25 poisoned needles
Armour
 f - a +2 helmet
   (You found it on level 1 of the Dungeon)
 g - a +1 pair of boots (worn)
   (You found it on level 3 of the Dungeon)
 l - a +0 cloak (worn)
   (You found it on level 3 of the Dungeon)
 G - a +0 buckler
   (You found it on level 8 of the Dungeon)
 J - a +1 leather armour of fire resistance
   (You took it off an orc priest on level 6 of the Dungeon)
 P - the +0 robe of True Grit (worn) {+Blink MP+9 Int+5 Dex-4}
   (You found it on level 1 of the Abyss)

   It affects your intelligence (+5).
   It affects your dexterity (-4).
   It affects your magic capacity (+9).
   It lets you blink.
Jewellery
 a - a ring of positive energy (right hand) {rN+}
   (You found it on level 3 of the Dungeon)
 h - a ring of stealth (left hand) {Stlth+}
   (You found it on level 2 of the Dungeon)
 C - an amulet of clarity (around neck) {Clar}
   (You found it on level 6 of the Dungeon)
 M - an uncursed ring of sustain abilities {SustAb}
   (You found it on level 10 of the Dungeon)
Magical devices
 e - a wand of fire (1)
   (You found it on level 10 of the Dungeon)
 r - a wand of disintegration (13)
   (You found it on level 4 of the Dungeon)
 K - a wand of fire (7)
   (You found it on level 10 of the Dungeon)
Scrolls
 i - a scroll of random uselessness {unknown}
 k - a scroll of recharging
 n - 2 scrolls of amnesia {unknown}
 s - a scroll of fog {unknown}
 v - 2 scrolls of immolation {unknown}
 x - 3 scrolls of magic mapping {unknown}
 z - 2 scrolls of remove curse
 F - 3 scrolls of blinking {unknown}
 H - 2 scrolls of enchant weapon {unknown}
 I - a scroll of vulnerability {!r!r}
Potions
 d - a potion of brilliance
 j - 3 potions of curing
 o - 2 potions of resistance
 p - a potion of cancellation
 u - a potion of mutation {!q}
 w - a potion of lignification {!q}
 E - 2 potions of agility
 O - a potion of restore abilities
 Q - a potion of berserk rage {!q}
Books
 b - a book of Flames
 m - a book of Clouds
   (You found it on level 8 of the Dungeon)
 B - a book of the Warp
   (You found it on level 5 of the Dungeon)
Comestibles
 c - 2 bread rations
 q - a beef jerky
 A - 5 meat rations
 D - 13 fruits


   Skills:
 + Level 7.4 Fighting
 + Level 8.4 Dodging
 - Level 2.1 Stealth
 - Level 2.4 Spellcasting
 - Level 10.0 Conjurations
 - Level 10.0 Fire Magic


You had 2 spell levels left.
You knew the following spells:

 Your Spells              Type           Power        Failure   Level  Hunger
a - Flame Tongue          Conj/Fire      #####        1%          1    None
c - Conjure Flame         Conj/Fire      ######..     1%          3    ###....
A - Sticky Flame          Conj/Fire      ######..     1%          4    ####...
B - Mephitic Cloud        Conj/Pois/Air  ###.....     10%         3    ###....


Dungeon Overview and Level Annotations

Branches:
Dungeon (11/15)            Temple (1/1) D:6            Lair (0/8) D:10
    Orc: D:9-12

Altars:
Ashenzari
Cheibriados
Dithmenos
Elyvilon
Fedhas
Gozag
Kikubaaqudgha
Makhleb
Nemelex Xobeh
Okawaru
Qazlal
Ru
Sif Muna
Trog
Vehumet
Xom
Yredelemnul
Zin
The Shining One

Shops:
D:5 %   D:8 (   D:10 =


Innate Abilities, Weirdness & Mutations

You have a pair of small horns on your head.
You have sharp toenails.
You are partially covered in rugged brown scales (AC +1, +3% HP).
[You are clumsy. (Dex -2)]
[You are occasionally teleported to nearby monsters.]


Message History

The flame tongue hits the giant gecko.
You kill the giant gecko!
Something barely misses you. Something hits you.
You take 1 damage, and have 50/70 hp.
You now have 18/23 mp.
There are invisible monsters nearby!
Something hits you.
You take 6 damage, and have 44/70 hp.
Something hits you!
You take 9 damage, and have 35/70 hp.
HP at 50%!
Something hits you. x2
You take 9 damage, and have 26/70 hp.
You miss something. Your headbutt misses something.
Something barely misses you.
Read which item? (? for menu, Esc to quit)
As you read the scroll of teleportation, it crumbles to dust.
You feel strangely unstable. Something closely misses you.
Something hits you but does no damage. Something hits you.
You take 2 damage, and have 25/70 hp.
Something hits you!
* * * LOW HITPOINT WARNING * * *
You take 8 damage, and have 17/70 hp.
HP at 24%!
Your surroundings seem slightly different.
Read which item? (? for menu, Esc to quit)
As you read the scroll of teleportation, it crumbles to dust.
You feel strangely unstable.
Your surroundings suddenly seem different.
There is a stone staircase leading up here.
There are invisible monsters nearby!
Autopickup is now on.
You start resting.
Your magical contamination has completely faded away.
You regained 2 hp, and now have 20/70 hp.
You start resting.
All of the chunks of flesh in your inventory have rotted away.
Health restored: 70; MP restored: 23; Total turns waited: 244 You climb upwards.
The wight completely misses you.
The giant frog croaks.
There is a stone staircase leading down here.
The giant frog hits you but does no damage. x2
The giant frog hits you!
You take 7 damage, and have 63/70 hp.
The giant frog closely misses you. The giant frog misses you.
The giant frog hits you.
You take 2 damage, and have 61/70 hp.
The giant frog hits you.
You take 2 damage, and have 59/70 hp.
The giant frog hits you but does no damage.
The wight hits you but does no damage. The giant frog misses you.
Aim: a giant frog The sticky flame hits the giant frog.
The giant frog is covered in liquid flames!
The giant frog burns!
The giant frog barely misses you. The giant frog barely misses you.
The giant frog completely misses you.
You now have 19/23 mp.
Aim: a giant frog You feel a surge of divine spite.
You miscast Sticky Flame.
You are very lightly contaminated with residual magic.
You are blasted with magical energy!
The giant frog burns!
The giant frog barely misses you. The giant frog closely misses you.
The giant frog hits you.
You take 36 damage, and have 24/70 hp.
MASSIVE DAMAGE!!
You now have 15/23 mp.
HP at 34%!
Aim: a giant frog The sticky flame hits the giant frog.
The giant frog is covered in liquid flames!
You are feeling hungry.
The giant frog burns! x2
The giant frog hits you.
* * * LOW HITPOINT WARNING * * *
The giant frog hits you.
* * * LOW HITPOINT WARNING * * *
The wight barely misses you. The giant frog completely misses you.
You take 6 damage, and have 18/70 hp.
You now have 11/23 mp.
The giant frog burns! x2
The giant frog misses you.
The spiny frog gives a loud, deep croak!
The giant frog burns!
The giant frog stops burning.
The giant frog burns!
The giant frog hits you!
* * * LOW HITPOINT WARNING * * *
You take 9 damage, and have 10/70 hp.
HP at 14%!
The giant frog burns!
You kill the giant frog!
The wight barely misses you. The giant frog hits you!
* * * LOW HITPOINT WARNING * * *
You take 8 damage, and have 2/70 hp.
Unknown command.
Drink which item? (? for menu, Esc to quit)
Okay, then.
Read which item? (? for menu, Esc to quit)
Okay, then.
Aim: a giant frog (almost dead)
The sticky flame hits the giant frog.
You kill the giant frog!
The wight hits you from afar with a halberd of distortion!
You die...

#... ..# #.#...###.. #.#
#....<..... #.# ..........##.#
. # ..........##F# .# .#.##
#...#)##.##.# .# #
.....##...#.#...#.# .#.##
.........#........#####..#.#
.......)........@zzz...##.####
##.#######.<.................#
##......z........../#
###......[z........#
##...............##
#######........>.......#
#..†...................#
####.#####................#
#.....<.##................#


You could see a spiny frog and 5 wights.

Vanquished Creatures
  Erolcha (D:10)
  A hydra (D:8)
  The ghost of kusayu the Covert, an experienced VSEn (D:8)
  A troll (D:9)
  4 yaks (D:9)
  3 hippogriffs
  A hungry ghost (D:9)
  2 water moccasins
  An eye of draining (D:10)
  2 centaurs
  2 ice beasts (D:9)
  A necrophage (D:10)
  4 orc warriors
  A sky beast (D:5)
  6 ogres
  A crocodile (D:10)
  5 giant frogs
  A wyvern skeleton (D:9)
  2 scorpions
  13 killer bees
  An oklob sapling (D:6)
  3 wights (D:8)
  2 giant frog zombies
  2 crimson imps
  2 goliath beetles
  A centaur skeleton (D:8)
  5 orc priests
  Ijyb (D:2)
  A quasit (D:8)
  Jessica (D:3)
  Terence (D:3)
  A hound (D:7)
  An iguana (D:7)
  11 orc wizards
  7 worker ants
  A hound skeleton (D:11)
  8 adders
  A shadow imp (D:8)
  3 worms
  3 adder skeletons
  An ooze (D:7)
  33 orcs
  A bat zombie (D:5)
  8 giant cockroaches
  7 goblins
  16 hobgoblins
  9 jackals
  2 quokkas
  A ball python (D:4)
  13 bats
  A giant cockroach zombie (D:6)
  4 giant geckos
  A giant gecko zombie (D:6)
  5 giant newts (D:1)
  2 giant spores
  11 kobolds
  A quokka skeleton (D:5)
  A quokka zombie (D:5)
  11 rats
  2 ballistomycetes
  2 plants (D:6)
241 creatures vanquished.

Notes
Turn   | Place    | Note
--------------------------------------------------------------
     0 | D:1      | Pikaro, the High Elf Fire Elementalist, began the quest for the Orb.
     0 | D:1      | Reached XP level 1. HP: 11/11 MP: 4/4
   251 | D:1      | Reached XP level 2. HP: 13/17 MP: 4/6
   304 | D:1      | Reached skill level 2 in Conjurations
   810 | D:2      | Noticed Ijyb
   952 | D:2      | Killed Ijyb
   952 | D:2      | Reached skill level 3 in Conjurations
   952 | D:2      | Reached XP level 3. HP: 17/21 MP: 0/7
  1183 | D:2      | Reached XP level 4. HP: 15/27 MP: 2/8
  2109 | D:2      | Reached skill level 4 in Fire Magic
  2201 | D:3      | Noticed Terence
  2223 | D:3      | Killed Terence
  2329 | D:3      | Reached skill level 4 in Conjurations
  2566 | D:3      | Noticed Jessica
  2570 | D:3      | Killed Jessica
  2570 | D:3      | Reached XP level 5. HP: 31/31 MP: 7/9
  2740 | D:3      | Found a burning altar of Makhleb.
  2977 | D:3      | Found a glowing silver altar of Zin.
  2978 | D:3      | Noticed an angel
  2979 | D:3      | Noticed a green death
  3780 | D:4      | Reached skill level 5 in Fire Magic
  4121 | D:5      | Entered Level 5 of the Dungeon
  4222 | D:5      | Found a deep blue altar of Sif Muna.
  4288 | D:5      | Found a blossoming altar of Fedhas.
  4370 | D:5      | Found Saho's Food Shoppe.
  4451 | D:5      | Noticed a sky beast
  4456 | D:5      | Killed a sky beast
  4456 | D:5      | Reached skill level 5 in Conjurations
  4456 | D:5      | Reached XP level 6. HP: 36/36 MP: 4/10
  4460 | D:5      | Gained mutation: You are partially covered in rugged brown scales (AC +1, +3% HP). [mutagenic meat]
  4461 | D:5      | Gained mutation: You have sharp toenails. [mutagenic meat]
  4525 | D:5      | Gained mutation: You have a pair of small horns on your head. [potion of beneficial mutation]
  4985 | D:6      | Found a staircase to the Ecumenical Temple.
  5005 | D:6      | Learned a level 3 spell: Conjure Flame
  5010 | D:6      | Learned a level 4 spell: Sticky Flame
  5087 | Temple   | Entered the Ecumenical Temple
  5657 | D:7      | Found a bloodstained altar of Trog.
  5940 | D:7      | Reached skill level 6 in Conjurations
  5940 | D:7      | Reached XP level 7. HP: 42/42 MP: 7/11
  6235 | D:7      | Reached skill level 6 in Fire Magic
  6406 | D:7      | HP: 10/42 [poisoned by a killer bee]
  7296 | D:7      | Reached skill level 7 in Conjurations
  7317 | D:7      | HP: 10/42 [poisoned by a killer bee]
  7322 | D:7      | HP: 9/42 [poisoned by a killer bee]
  7330 | D:7      | HP: 8/42 [poisoned by a killer bee]
  7721 | D:7      | Reached skill level 7 in Fire Magic
  7721 | D:7      | Reached XP level 8. HP: 47/47 MP: 1/12
  8322 | D:8      | Reached skill level 8 in Conjurations
  8486 | D:8      | Noticed kusayu's ghost (experienced VSEn)
  8502 | D:8      | Killed kusayu's ghost
  8502 | D:8      | Reached skill level 9 in Conjurations
  8502 | D:8      | Reached skill level 8 in Fire Magic
  8505 | D:8      | Reached XP level 9. HP: 43/52 MP: 0/13
  8646 | D:8      | Reached skill level 9 in Fire Magic
  8765 | D:8      | Found a bloodstained altar of Trog.
  8771 | D:8      | Got a slimy dagger
  8772 | D:8      | Identified the +6 dagger "Gankaq" {speed, rC- rN++} (You found it on level 8 of the Dungeon)
  9019 | D:8      | Noticed a seven-headed hydra
  9022 | D:8      | HP: 13/52 [seven-headed hydra (3)]
  9032 | D:8      | HP: 7/52 [killer bee (3)]
  9512 | D:6      | Found a snail-covered altar of Cheibriados.
  9889 | D:6      | Reached skill level 10 in Conjurations
 11057 | D:8      | Found Yreob's Weapon Emporium.
 11180 | D:8      | Reached skill level 10 in Fire Magic
 11589 | D:8      | Found a shattered altar of Ashenzari.
 11652 | D:8      | Found a shimmering altar of Xom.
 11656 | D:8      | Found a basalt altar of Yredelemnul.
 11657 | D:8      | Found a sacrificial altar of Ru.
 11792 | D:8      | Found a sparkling altar of Nemelex Xobeh.
 11793 | D:8      | Found an opulent altar of Gozag.
 11851 | D:8      | Learned a level 3 spell: Mephitic Cloud
 11919 | D:8      | Reached skill level 1 in Fighting
 12086 | D:8      | Reached skill level 3 in Dodging
 12220 | D:8      | HP: 6/55 [seven-headed hydra (9)]
 12220 | D:8      | HP: 2/55 [seven-headed hydra (4)]
 12424 | D:7      | Reached skill level 2 in Fighting
 12681 | D:5      | Became a worshipper of Sif Muna the Loreminder
 13273 | D:8      | Killed a seven-headed hydra
 13273 | D:8      | Reached skill level 3 in Fighting
 13273 | D:8      | Reached skill level 5 in Dodging
 13273 | D:8      | Reached XP level 10. HP: 60/64 MP: 1/14
 13389 | D:8      | Reached skill level 4 in Fighting
 13716 | D:9      | Reached skill level 5 in Fighting
 13716 | D:9      | Reached skill level 6 in Dodging
 14092 | D:9      | Found a radiant altar of Vehumet.
 14662 | D:9      | Reached skill level 6 in Fighting
 14662 | D:9      | Reached skill level 7 in Dodging
 15104 | D:10     | Entered Level 10 of the Dungeon
 15104 | D:10     | Found Hofemume's Jewellery Shoppe.
 15329 | D:10     | Found a staircase to the Lair.
 15603 | D:10     | Noticed Erolcha
 15613 | D:10     | Killed Erolcha
 15613 | D:10     | Reached skill level 7 in Fighting
 15613 | D:10     | Reached skill level 8 in Dodging
 15617 | D:10     | Cast into the Abyss (wight)
 15627 | Abyss:1  | Found a corrupted altar of Lugonu.
 15663 | Abyss:1  | Fell from the grace of Sif Muna
 15663 | Abyss:1  | Became a worshipper of Lugonu the Unformed
 15663 | Abyss:1  | Acquired Lugonu's first power
 15711 | Abyss:1  | Noticed a starcursed mass
 15712 | Abyss:1  | Got a distressingly furry robe
 15719 | Abyss:1  | Noticed a thrashing horror
 15744 | Abyss:1  | Noticed an orc sorcerer
 15758 | Abyss:1  | Noticed an entropy weaver
 15776 | Abyss:1  | Noticed a great orb of eyes
 15776 | Abyss:1  | an entropy weaver changed into a great orb of eyes
 15777 | Abyss:1  | Noticed a hell hog
 15779 | Abyss:1  | Noticed a wretched star
 15779 | Abyss:1  | Paralysed by a great orb of eyes for 5 turns
 15784 | D:10     | Escaped the Abyss
 15857 | D:11     | Identified the cursed +0 robe of True Grit {+Blink MP+9 Int+5 Dex-4} (You found it on level 1 of the Abyss)
 16197 | D:11     | HP: 17/70 [something (8)]
 16461 | D:10     | HP: 10/70 [giant frog (9)]
 16463 | D:10     | HP: 2/70 [giant frog (8)]
 16464 | D:10     | Mangled by a wight

Action                   |  1- 3 |  4- 6 |  7- 9 | 10-12 || total
-------------------------+-------+-------+-------+-------++-------
Melee: Unarmed           |     1 |       |       |     2 ||     3
       Mace              |       |   121 |    30 |       ||   151
       Dagger            |       |       |    18 |    49 ||    67
 Cast: Flame Tongue      |    56 |   163 |   242 |   136 ||   597
       Sticky Flame      |       |     1 |    23 |    15 ||    39
       Conjure Flame     |       |       |     9 |     7 ||    16
       Mephitic Cloud    |       |       |     2 |       ||     2
Invok: Depart the Abyss  |       |       |       |     1 ||     1
  Use: Scroll            |       |     8 |     2 |    10 ||    20
       Potion            |       |     1 |     2 |     1 ||     4
 Stab: Sleeping          |       |     2 |       |       ||     2
       Distracted        |       |       |     1 |       ||     1
  Eat: Chunk             |     1 |    14 |    19 |     6 ||    40
       Bread ration      |       |     1 |     2 |     2 ||     5

Vault maps used:
D:1:      tarquinn_simple_flora_water_c
D:2:      lemuel_upstairs_altar, uniq_iyjb
D:3:      grunt_temple_overflow_order_and_chaos_2, uniq_terence, uniq_jessica
D:4:      serial_bayou_pond_c
D:5:      lemuel_coloured_pillars_altar, lemuel_doored_altar, serial_shops,
          nicolae_shop_statue_plus, first_bread
D:6:      beetle_altar_1, minmay_temple_entry_oklob
D:7:      basic_altar
D:8:      grunt_temple_overflow_opulence, ashenzari_conservatory_becter,
          bloody_trog, grunt_temple_overflow_open, serial_shops, shop
D:9:      vehumet_crystals
D:10:     dpeg_lair_monsters, serial_shops, shop, grunt_tengu_nest, uniq_erolcha
D:11:     erik_orc_1, lemuel_flamethrower_hall
Temple:   nicolae_temple_hex_pool
Abyss:1:  hangedman_abyss_mock_shop

Table legend:
 A = Turns spent in this place as a percentage of turns spent in the entire game.
 B = Non-inter-level travel turns spent in this place as a percentage of non-inter-level travel turns spent in the entire game.
 C = Inter-level travel turns spent in this place as a percentage of turns spent in this place.
 D = Turns resting spent in this place as a percentage of non-inter-level travel turns spent in this place.
 E = Turns spent auto-exploring this place as a percentage of non-inter-level travel turns spent in this place.
 F = Non-inter-level travel turns spent in this place divided by the number of levels of this place that you've seen.
                   A       B       C       D       E      F
               +-------+-------+-------+-------+-------+----------------------
         Total | 100.0 | 100.0 |   0.6 |   8.2 |   5.3 | 341.3
       Dungeon |  96.0 |  96.0 |   0.6 |   8.5 |   5.4 | 387.1
        Temple |   0.4 |   0.4 |   5.9 |  12.5 |  43.8 |  16.0
         Abyss |   3.7 |   3.7 |   0.0 |   0.0 |   0.0 | 163.0
               +-------+-------+-------+-------+-------+----------------------

Table legend:
 A = Kills in this place as a percentage of kills in entire the game.
 B = Kills by you in this place as a percentage of kills by you in the entire game.
 C = Kills by friends in this place as a percentage of kills by friends in the entire game.
 D = Other kills in this place as a percentage of other kills in the entire game.
 E = Experience gained in this place as a percentage of experience gained in the entire game.
 F = Experience gained in this place divided by the number of levels of this place that you have seen.
                   A       B       C       D       E      F
               +-------+-------+-------+-------+-------+----------------------
         Total | 100.0 | 100.0 |  -nan |  -nan | 100.0 | 807.2
       Dungeon | 100.0 | 100.0 |  -nan |  -nan | 100.0 | 954.0
               +-------+-------+-------+-------+-------+----------------------
